 Dungeon Crawl Stone Soup version 0.19-a0-1697-g0595f0e (webtiles) character file.

179 kae the Slasher (level 5, -2/41 HPs)
             Began as a Formicid Fighter on Sept 26, 2016.
             Slain by an ogre
             ... wielding a +0 giant spiked club
              (27 damage)
             ... on level 3 of the Dungeon.
             The game lasted 00:01:52 (1959 turns).

kae the Slasher (Formicid Fighter)                  Turns: 1959, Time: 00:01:53

Health: -2/41      AC:  9    Str: 21    XL:     5   Next: 90%
Magic:  5/5        EV:  7    Int:  8    God:
Gold:   89         SH:  9    Dex: 10    Spells: 0 memorised, 4 levels left

rFire  . . .     SeeInvis +     a - +0 long sword
rCold  . . .     Gourm    .     b - +0 scale mail
rNeg   . . .     Faith    .     c - +0 shield
rPois  .         Spirit   .     (helmet unavailable)
rElec  .         Dismiss  .     (no cloak)
rCorr  .         Reflect  .     (no gloves)
MR     .....     Harm     .     l - +0 pair of boots (curse)
Stlth  ..........               (no amulet)
                                (no ring)
                                (no ring)

@: no status effects
A: permanent stasis, dig shafts and tunnels, four strong arms, antennae 3
a: Dig, Shaft Self


You were on level 3 of the Dungeon.
You were not hungry.

You visited 1 branch of the dungeon, and saw 3 of its levels.

You collected 89 gold pieces.

Inventory:

Hand Weapons
 a - a +0 long sword (weapon)
Armour
 b - a +0 scale mail (worn)
 c - a +0 shield (worn)
 l - a cursed +0 pair of boots (worn)
Wands
 q - a wand of slowing (12/48)
Scrolls
 e - 2 scrolls of identify {unknown}
 j - a scroll of recharging {unknown}
 k - a scroll of random uselessness {unknown}
 n - a scroll of teleportation {unknown}
Potions
 d - a potion of might
 h - a potion of agility {unknown}
 i - 2 potions of brilliance {unknown}
 m - 2 potions of degeneration {unknown}
Comestibles
 f - 2 bread rations
 g - 2 beef jerkies
 o - a chunk of flesh
 p - 3 fruits


   Skills:
 - Level 3.2 Fighting
 + Level 5.6 Long Blades
 - Level 3.2 Armour
 - Level 3.6 Shields


You had 4 spell levels left.
You didn't know any spells.

Dungeon Overview and Level Annotations

Branches:
Dungeon (3/15)

Altars:


Innate Abilities, Weirdness & Mutations

You are under a permanent stasis effect.
You can dig through walls and to a lower floor.
Your four strong arms can wield two-handed weapons with a shield.
You have a pair of large antennae on your head. (SInv)


Message History

Evoke which item? (* to show all) (? for menu, Esc to quit)
Zapping:
q - a wand of slowing {zapped: 10} (will waste charges)
Press: ? - help, Shift-Dir - straight line, f/p - ogre
Aim: an ogre, wielding a giant spiked club (chance to defeat MR: 51%)
The ogre seems to slow down.
Evoking this partially-identified wand wasted a few charges.
Okay, then.
You see here a club.
You closely miss the ogre. The ogre barely misses you.
You riposte.
Your shield and scale mail prevent you from hitting the ogre.
You slash the ogre!
The ogre is moderately wounded.
You hit the ogre.
The ogre is heavily wounded.
You block the ogre's attack.
You slash the ogre!
The ogre is severely wounded.
The ogre hits you with a giant spiked club!!
Ouch! That really hurt!
You die...

#####.###.......#
..............#
.......##.....### . .
................# .....
....#####†.####.##......
.##.>......####.........
. ...........)..........
..........#..)####......
#####.##........@O......
#.#######........... ..#
#...........
######....>. ######


You could see an ogre.

Vanquished Creatures
  An orc priest (D:3)
  Ijyb (D:2)
  5 adders
  2 oozes
  3 worms (D:2)
  A dart slug (D:1)
  2 leopard geckos
  4 orcs (D:3)
  3 giant cockroaches
  4 goblins
  8 hobgoblins
  8 kobolds
  A quokka (D:2)
  A ball python (D:1)
  4 bats
  3 frilled lizards
  7 rats
58 creatures vanquished.

Notes
Turn   | Place    | Note
-------+----------+-------------------------------------------
     0 | D:1      | kae the Formicid Fighter began the quest for the Orb.
     0 | D:1      | Reached XP level 1. HP: 18/18 MP: 1/1
   181 | D:1      | Reached XP level 2. HP: 24/24 MP: 2/2
   290 | D:1      | Reached skill level 3 in Long Blades
   468 | D:1      | Reached XP level 3. HP: 29/29 MP: 3/3
   739 | D:2      | Noticed Ijyb
   758 | D:2      | Killed Ijyb
   758 | D:2      | Reached skill level 4 in Long Blades
   758 | D:2      | Reached XP level 4. HP: 34/35 MP: 4/4
  1272 | D:2      | Reached XP level 5. HP: 39/41 MP: 5/5
  1498 | D:2      | Reached skill level 5 in Long Blades
  1949 | D:3      | Noticed an ogre
  1959 | D:3      | Slain by an ogre

Vault maps used:
D:1:      elethiomel_arrival_shortcut, minmay_misc_feat_five
D:2:      minmay_door_path, uniq_iyjb
D:3:      first_bread, serial_bayou_pond_a, serial_bayou_lagoon_a,
          minmay_misc_feat_tiny

Skill      XL: |  1  2  3  4  5 |
---------------+----------------+-----
Long Blades    | 3 4 5 |  5.6
Fighting       | |  3.2
Armour         | |  3.2
Shields        | |  3.6

Action                   |  1- 3 |  4- 6 || total
-------------------------+-------+-------++-------
Melee: Long sword        |   105 |   143 ||   248
Evoke: Wand              |       |     5 ||     5
  Eat: Chunk             |       |     4 ||     4
Armor: Scale mail        |    53 |    51 ||   104
Dodge: Dodged            |    36 |    34 ||    70
Block: Shield            |    48 |    72 ||   120
